Map: Acropolis LE

Players

pHARM - Winner!

  • Race: Zerg Zerg
  • League: Platinum
  • Spawn Location: 11:00

dracoKnights

  • Race: Protoss Protoss
  • League: Platinum
  • Spawn Location: 5:00

VOD

Have the link to the VOD?

Description

Time

  • Played on: Sept. 14, 2019, 9:57 p.m.
  • Length: 9:51
Show
View Real Time Build Order
Export as new Build Order

pHARM Zerg - Winner!

Build Orders: Hatch First, Roach Nydus 

Get SALT Encoding   

  12  0:03  Drone  
  13  0:13  Overlord  
  13  0:24  Drone  
  14  0:32  Drone  
  14  0:33  Drone  
  16  0:52  Hatchery  
  15  1:00  Drone x3  
  18  1:23  Spawning Pool  
  17  1:29  Drone  
  17  1:30  Drone  
  19  1:38  Drone  
  20  1:53  Drone  
  21  1:54  Extractor  
  21  2:00  Drone  
  21  2:11  Queen x2  
  21  2:14  Zergling x2  
  26  2:22  Drone  
  27  2:23  Drone  
  28  2:37  Overlord  
  28  2:38  Overlord  
  28  2:57  Drone x5  
  28  2:58  Queen  
  35  3:10  Hatchery  
  35  3:11  Drone x3  
  37  3:19  Roach Warren  
  36  3:21  Lair  
  36  3:25  Drone  
  36  3:26  Drone  
  38  3:29  Extractor  
  38  3:30  Extractor  
  38  3:34  Drone x2  
  37  3:35  Drone  
  39  3:45  Drone  
  39  3:46  Drone x4  
  44  4:23  Overlord x2, Nydus Network  
  43  4:24  Roach x3  
  49  4:31  Overlord  
  49  4:41  Queen x3  
  55  4:50  Roach x6  
  67  5:06  Roach x3  
  73  5:16  Nydus Canal  
  73  5:25  Overlord  
  73  5:26  Overlord  
  69  6:22  Roach x10  
  69  6:24  Overlord x5  
  89  6:41  Queen x3  
  80  7:17  Queen  
  80  7:20  Queen x2  
  62  7:53  Queen  
  62  7:55  Queen  
  62  7:56  Queen  
  58  8:07  Roach  
  58  8:08  Roach x18  
  58  8:09  Roach  
  98  8:28  Queen  
  98  8:31  Queen x2  
  104  8:37  Roach  
  104  8:38  Roach x8  
  114  9:02  Drone x4  
  110  9:04  Queen  
  110  9:07  Queen x2  
Show
View Real Time Build Order
Export as new Build Order

dracoKnights Protoss 

Build Orders: Forge Fast Expand (FFE) 

Get SALT Encoding   

  12  0:01  Probe  
  13  0:13  Probe  
  14  0:18  Pylon  
  14  0:25  Probe  
  15  0:37  Probe  
  15  0:40  Forge  
  16  0:49  Probe  
  17  1:04  Pylon  
  17  1:09  Probe  
  18  1:21  Probe  
  18  1:24  Photon Cannon  
  18  1:43  Probe, Nexus  
  19  1:47  Pylon  
  19  1:54  Gateway  
  19  1:55  Probe  
  20  2:06  Photon Cannon  
  20  2:07  Probe (Chrono Boost)  
  21  2:13  Photon Cannon  
  21  2:19  Probe (Chrono Boost)  
  22  2:27  Probe (Chrono Boost), Assimilator  
  23  2:32  Assimilator  
  23  2:43  Pylon  
  23  2:52  Cybernetics Core  
  23  2:54  Pylon, Probe  
  23  2:57  Probe (Chrono Boost)  
  25  3:07  Probe (Chrono Boost)  
  25  3:09  Pylon, Probe (Chrono Boost)  
  27  3:17  Probe x2 (Chrono Boost)  
  29  3:22  Probe  
  29  3:23  Probe  
  31  3:34  Twilight Council  
  31  3:35  Probe x2  
  31  3:37  Assimilator  
  33  3:47  Probe (Chrono Boost), Stalker  
  37  3:48  Probe (Chrono Boost)  
  37  3:58  Probe (Chrono Boost), Assimilator  
  37  3:59  Probe (Chrono Boost)  
  39  4:03  Probe (Chrono Boost)  
  39  4:04  Probe (Chrono Boost)  
  39  4:05  Shield Battery  
  41  4:13  Probe  
  41  4:14  Probe  
  41  4:15  Pylon  
  43  4:19  Charge  
  43  4:21  Stargate  
  43  4:25  Probe  
  43  4:26  Probe  
  43  4:31  Warp Gate (Chrono Boost)  
  45  4:34  Stalker  
  45  4:37  Probe  
  45  4:38  Probe  
  49  4:49  Probe  
  49  4:50  Probe  
  51  4:58  Pylon  
  51  5:00  Gateway  
  51  5:01  Probe  
  51  5:02  Probe  
  51  5:03  Gateway  
  51  5:04  Zealot  
  51  5:06  Void Ray  
  59  5:13  Probe  
  60  5:14  Probe  
  61  5:25  Probe  
  61  5:26  Probe  
  55  6:08  Void Ray (Chrono Boost)  
  59  6:17  Pylon  
  59  6:18  Protoss Ground Weapons Level 1  
  59  6:20  Pylon  
  59  6:24  Stargate  
  58  6:26  Pylon  
  58  6:37  Nexus  
  58  6:43  Stalker x3  
  64  6:58  Pylon x2  
  61  7:09  Void Ray (Chrono Boost)  
  61  7:10  Void Ray (Chrono Boost)  
  52  8:04  Void Ray (Chrono Boost)  
  50  8:06  Zealot x2  
  54  8:33  Zealot x2  
  54  8:45  Assimilator  
  54  8:47  Assimilator  
  48  9:09  Probe  
  49  9:18  Gateway  
  49  9:19  Gateway  
  49  9:20  Gateway  
  49  9:21  Gateway, Probe, Nexus  
  49  9:25  Pylon  
  45  9:33  Probe  
Tags
 
Add a new tag
Caveats
  • Supply blocks, unpowered buildings, or Contaminate may cause inaccurate times.
  • Supply counts are checked every 10 seconds.